cohdb
Replays
Latest Replays
All Replays
Popular Replays
Top Player Replays
Match Explorer
How It Works
Community
CoH3 Stats
Reddit
Sign in to upload your games and track your stats! →
Sign in with Steam
Match 41124233
Unlisted
Match 41124233
Overview
Messages
Build Orders
End
Kradschützen Motorcycle Team
Selects Armored Support Battlegroup
Panzergrenadier Squad
Panzergrenadier Squad
Construct Light Support Kompanie
Fire Support Elements
Selects Veteran Gunners
Flakvierling Half-track
2.5-tonne Medical Truck
Veteran Squad Leaders
Vehicle Survival Package
Selects Vehicle Awareness
Advanced Field Repairs
Tungsten Core Ammunition
Vinnie
BULL1234
Sinister Swan
atank
kex1710
breadstix
0
0
Comments
sign in to comment!
No comments posted yet!